 Dungeon Crawl Stone Soup version 0.31-a0-187-gba352fbbf7 (webtiles) character file.

Game seed: 5492584177448572172

23 qw the Shooter (level 2, -1/16 HPs)
             Began as a Deep Elf Hunter on June 22, 2023.
             Slain by a jackal (3 damage)
             ... on level 1 of the Dungeon.
             The game lasted 00:00:12 (505 turns).

qw the Shooter (Deep Elf Hunter)                     Turns: 505, Time: 00:00:13

Health: -1/16      AC:  3    Str:  8    XL:     2   Next: 75%
Magic:  4/4        EV: 12    Int: 13    God:
Gold:   9          SH:  0    Dex: 18    Spells: 1/1 levels left

rFire   . . .        a - +0 shortbow
rCold   . . .        (shield currently unavailable)
rNeg    . . .        c - +0 leather armour
rPois   .            (no helmet)
rElec   .            (no cloak)
rCorr   .            (no gloves)
SInv    .            (no boots)
Will    .....        (no amulet)
Stlth   ++           (no ring)
HPRegen 0.22/turn    (no ring)
MPRegen 0.09/turn

%: no passive effects
@: no status effects
A: no striking features
a: no special abilities


You were on level 1 of the Dungeon.
You visited 1 branch of the dungeon, and saw 1 of its levels.

You collected 9 gold pieces.


   Skills:
 - Level 1.5 Fighting
 + Level 6.5 Ranged Weapons
 - Level 2.4 Dodging
 - Level 1.2 Stealth


You had one spell level left.
You didn't know any spells.
Your spell library was empty.

Inventory:

Hand Weapons
 a - a +0 shortbow (weapon)
Armour
 c - a +0 leather armour (worn)
Scrolls
 b - a scroll of butterflies
 d - a scroll of identify {unknown}
Potions
 e - a potion of magic {unknown}
 f - a potion of curing {unknown}
 g - 2 potions of enlightenment {unknown}
 h - a potion of heal wounds {unknown}

Dungeon Overview and Level Annotations

Branches:
Dungeon (1/15)

Altars:


Message History

You shoot an arrow. The arrow hits the jackal.
The jackal is heavily wounded.
The jackal bites you. The jackal barely misses you. The jackal misses you.
The jackal barely misses you.
You shoot an arrow. The arrow closely misses the jackal.
The arrow barely misses the jackal.
The jackal barely misses you.
The jackal bites you but does no damage.
The jackal barely misses you.
The jackal bites you but does no damage.
The jackal misses you.
You shoot an arrow. The arrow hits the jackal!
You kill the jackal!
The jackal bites you but does no damage.
The jackal barely misses you. x2
You shoot an arrow. The arrow hits the jackal.
The jackal is moderately wounded.
The jackal bites you but does no damage.
The jackal bites you. The jackal misses you. The jackal barely misses you.
The jackal closely misses you. x2
You shoot an arrow. The arrow closely misses the jackal.
The jackal bites you. x3
You shoot an arrow. The arrow closely misses the jackal.
The jackal closely misses you. x2; The jackal misses you.
The jackal bites you but does no damage.
The jackal barely misses you. The jackal closely misses you.
You shoot an arrow. The arrow closely misses the jackal.
The jackal barely misses you. x2
The jackal bites you but does no damage.
The jackal barely misses you.
You shoot an arrow.
The arrow hits the jackal but does no damage.
The jackal is moderately wounded.
The jackal bites you. The jackal closely misses you. The jackal bites you.
The jackal bites you but does no damage. x2
You shoot an arrow. The arrow hits the jackal.
The jackal is severely wounded.
The jackal bites you. x2; The jackal barely misses you.
The jackal closely misses you. The jackal bites you.
You die...

#....... ###.#####.###
### ...# #.....# #..
...# #...... ..
#.#####.. #...... ...
#.#...#.. #......
....###.##.##.####....).
......hh#...#...........
....>.h@##.##..######...
....###.......## #.....
. #.......# #.....
#.##.#### #.#.## #.##.#
#.#.## #.##.# #.#..#
.....# #..... #.####
#..... #. ####.#


You could see 3 jackals.

Vanquished Creatures
  3 ball pythons (D:1)
  2 endoplasms (D:1)
  3 goblins (D:1)
  3 hobgoblins (D:1)
  A jackal (D:1)
  A quokka (D:1)
  A frilled lizard (D:1)
  6 kobolds (D:1)
  A rat (D:1)
21 creatures vanquished.

Notes
Turn   | Place    | Note
-------+----------+-------------------------------------------
     0 | D:1      | qw the Deep Elf Hunter began the quest for the Orb.
     0 | D:1      | Reached XP level 1. HP: 12/12 MP: 3/3
     0 | D:1      | 0 ||| qw: Version: 0.3-a-9-g12657ce
     0 | D:1      | 0 ||| qw: Game counter: 2274
     0 | D:1      | 0 ||| qw: Always use a shield: true
     0 | D:1      | 0 ||| qw: God list: Okawaru
     0 | D:1      | 0 ||| qw: Allow faded altars: false
     0 | D:1      | 0 ||| qw: Do Orc after D:15 true
     0 | D:1      | 0 ||| qw: Do second Lair branch before Depths: true
     0 | D:1      | 0 ||| qw: Lair rune preference: random
     0 | D:1      | 0 ||| qw: Plans: Normal
     0 | D:1      | 0 ||| PLANNING D:1-11
   145 | D:1      | Reached skill level 6 in Ranged Weapons
   145 | D:1      | Reached XP level 2. HP: 16/16 MP: 4/4
   504 | D:1      | HP: 4/16 [jackal (2)]
   505 | D:1      | Slain by a jackal

Levels and vault maps discovered:
D:1:      lemuel_arrival_muddy, layout_loops_corners, minmay_split_cup_small

Skill      XL: |  1 |
---------------+----+-----
Ranged Weapons | 6 |  6.5
Fighting       | |  1.5
Dodging        | |  2.4
Stealth        | |  1.2

Action                     || total
---------------------------++-------
   Fire: Shortbow          ||    61
 Armour: Leather armour    ||    13
  Dodge: Dodged            ||    29

Table legend:
 A = Non-vault XP
 B = Vault XP
 C = Vault XP percentage of total XP
 D = Non-vault monster count
 E = Vault monster count
 F = Vault count percentage of total count
                 A         B        C        D         E       F
            +---------+---------+-------+---------+---------+-------
      Total |      29 |       5 |  14.7 |      18 |       3 |  14.3
            +---------+---------+-------+---------+---------+-------
        D:1 |      29 |       5 |  14.7 |      18 |       3 |  14.3
            +---------+---------+-------+---------+---------+-------
